 Dungeon Crawl Stone Soup version 0.31-a0-971-g75a2e9a4b4 (webtiles) character file.

Game seed: 13668745377828914402

12866 Getoffmy the Grappler (level 11, 0/80 HPs)
             Began as a Demonspawn Shapeshifter on Oct 28, 2023.
             Was a Believer of Hepliaklqana.
             Slain by a seven-headed hydra (10 damage)
             ... on level 2 of the Lair of Beasts.
             The game lasted 00:22:01 (11867 turns).

Getoffmy the Grappler (Demonspawn Shapeshifter)    Turns: 11867, Time: 00:22:03

Health: 0/80       AC:  3    Str: 24    XL:     11   Next: 68%
Magic:  11/11      EV: 17    Int: 12    God:    Hepliaklqana [**....]
Gold:   650        SH:  5    Dex: 19    Spells: 10/10 levels left

rFire   . .          .
                       - Unarmed
rCold   . . .        (no shield)
rNeg    . . .        Q - +0 troll leather armour
rPois   .            (helmet currently unavailable)
rElec   .            (cloak currently unavailable)
rCorr   .            l - melded +0 pair of gloves
SInv    .            I - melded +0 pair of boots
Will    .....        b - amulet of reflection
Stlth   ++           f - +5 ring of evasion
HPRegen 1.13/turn    u - +6 ring of strength
MPRegen 0.12/turn

%: reflection
@: beast-form, very slow
A: beast (slay +4), reduced essence, hooves 2, thin skeletal structure 3,
demonic guardian 1, ignite blood 1, bedeviling
a: Begin Untransformation, Renounce Religion, Ancestor Life: Knight, Ancestor
Life: Battlemage, Ancestor Life: Hexer, Recall Ancestor, Ancestor Identity


You were on level 2 of the Lair of Beasts.
You worshipped Hepliaklqana.
Hepliaklqana was pleased with you.
You were a hulking beast.
You visited 3 branches of the dungeon, and saw 11 of its levels.
You also visited: Ossuary.

You collected 676 gold pieces.
You spent 26 gold pieces at shops.

Inventory:

Missiles
 e - 103 stones
 p - 27 poisoned darts
 y - 4 javelins
Armour
 l - a +0 pair of gloves (melded)
 I - a +0 pair of boots (melded)
 Q - a +0 troll leather armour (worn)
Jewellery
 a - a ring of ice
 b - an amulet of reflection (around neck)
 f - a +5 ring of evasion (left hand)
 r - a ring of protection from cold
 u - a +6 ring of strength (right hand)
 B - a ring of fire
 F - a ring of resist corrosion
 L - a ring of positive energy
 O - a ring of protection from cold
Talismans
 c - a beast talisman (active)
 d - a flux talisman
Wands
 s - a wand of flame (26)
 t - a wand of charming (19)
 N - a wand of light (29)
Scrolls
 k - 4 scrolls of blinking
 n - 2 scrolls of vulnerability
 o - 3 scrolls of amnesia
 q - a scroll of revelation
 v - a scroll of noise
 z - a scroll of immolation
 D - 2 scrolls of teleportation
 H - 2 scrolls of fog
 J - 2 scrolls of poison
 K - a scroll of fear
 P - 4 scrolls of identify
 R - a scroll of enchant armour
Potions
 g - 2 potions of brilliance
 h - 2 potions of magic
 i - 3 potions of attraction
 j - 6 potions of curing
 m - a potion of invisibility
 w - 2 potions of enlightenment {unknown}
 x - a potion of might {unknown}
 A - 6 potions of heal wounds {unknown}
 C - a potion of degeneration {unknown}
 E - 3 potions of mutation
 G - 2 potions of haste {unknown}
 M - a potion of resistance {unknown}


   Skills:
 + Level 9.6 Fighting
 - Level 1.7 Dodging
 + Level 12.3 Unarmed Combat
 * Level 8.9 Shapeshifting


You had 10 spell levels left.
You didn't know any spells.
Your spell library contained the following spells:

 Spells                   Type           Power      Damage    Failure   Level
 Kiss of Death            Conj/Necr      0%         2d5       36%         1
 Slow                     Hex            0%         N/A       36%         1
 Ensorcelled Hibernation  Hex/Ice        0%         N/A       50%         2
 Passwall                 Tmut/Erth      0%         N/A       50%         2
 Confusing Touch          Hex            0%         N/A       75%         3
 Sigil of Binding         Hex            0%         N/A       75%         3
 Swiftness                Air            0%         N/A       75%         3
 Vampiric Draining        Necr           0%         2d6       75%         3
 Animate Armour           Summ/Erth      0%         N/A       98%         4
 Dispel Undead            Necr           0%         3d6       98%         4
 Summon Lightning Spire   Summ/Air       0%         N/A       98%         4
 Lee's Rapid Deconstruct  Erth           0%         3d4*      100%        5
 Summon Forest            Summ/Tloc      0%         N/A       100%        5
 Eringya's Noxious Bog    Tmut/Pois      0%         4d6       100%        6
 Summon Hydra             Summ           0%         N/A       100%        7


Dungeon Overview and Level Annotations

Branches:
Dungeon (8/15)             Temple (1/1) D:7            Lair (2/5) D:8
  Swamp (0/4) Lair:2      Ossuary (visited)
  Snake: Lair:2-3    Spider: Lair:2-3

Altars:
Ashenzari
Cheibriados
Dithmenos
Fedhas
Gozag
Hepliaklqana
Kikubaaqudgha
Makhleb
Nemelex Xobeh
Okawaru
Qazlal
Ru
Sif Muna
Trog
Uskayaw
Vehumet
Xom
Yredelemnul

Shops:
D:1 ?   D:4 :   D:5 [(!   D:6 (

Annotations:
Lair:2 exclusion: hydra


Innate Abilities, Weirdness & Mutations

You are a hulking beast.
Your limbs bulge with bestial killing power. (Slay +4)
Your life essence is reduced to manifest your ancestor. (-10% HP)
You have hoof-like feet.
You have an unnaturally thin skeletal structure. (Dex +6, Stealth+++)
A weak demonic guardian rushes to your aid.
Your demonic aura sometimes causes spilled blood to erupt in flames.
Your hexes are more powerful.


Message History

Unknown command.
You swap places.
You see here a water moccasin corpse.
A swamp worm and a komodo dragon come into view.
There are monsters nearby!
There are monsters nearby!
Found a silvery potion.
You enter the shallow water.
Moving in this stuff is going to be slow.
Found a staircase to the Swamp.
The komodo dragon hisses angrily.
You hear a roar! x2
The swamp worm barely misses you.
A four-headed hydra comes into view.
A seven-headed hydra comes into view.
The swamp worm bites you.
The four-headed hydra moves out of view.
You punch the swamp worm!
You kick the swamp worm, but do no damage.
The swamp worm is moderately wounded.
The komodo dragon bites you but does no damage.
The swamp worm bites you!!
Fistandantilus hits the swamp worm but does no damage.
The swamp worm fires a harpoon shot at you.
The harpoon shot hits you!
You are yanked forward by the harpoon shot.
Splash!
You fall into the shallow water.
Moving in this stuff is going to be slow.
The komodo dragon closely misses you.
Fistandantilus closely misses the swamp worm.
The seven-headed hydra attacks as it pursues you!
The seven-headed hydra bites you. The seven-headed hydra bites you!
A demonic guardian appears!
You block the seven-headed hydra's attack.
The seven-headed hydra closely misses you.
The seven-headed hydra bites you!
* * * LOW HITPOINT WARNING * * *
The seven-headed hydra bites you!
* * * LOW HITPOINT WARNING * * *
The seven-headed hydra bites you!
You die...

♣♣♣ ♣§♣♣♣♣♣♣♣♣
#♣♣.♣♣♣♣♣§§♣§§♣§.♣
##...~♣.♣♣§§§§§§§§
###...†~~..♣♣~..≈.§ ♣
.#...♣~.....♣ .≈≈§♣
§♣ .....♣†~~...♣
♣≈§§♣§§♣
.....♣~..~♣§♣♣♣~RwD§♣
.....♣~~..♣§§§♣~hl§.♣
.....♣≈≈.≈♣§§§..~D§♣♣
.....♣≈≈≈♣♣♣♣♣§.5♣♣♣
.....♣♣♣♣♣ ♣♣♣♣♣
........♣ ####P#.#♣ #
#####


You could see the friendly Fistandantilus the ancestor, a seven-headed hydra
(ally target), a four-headed hydra, a komodo dragon, a swamp worm (ally target)
and a friendly iron imp (summoned).

Vanquished Creatures
  Fannar (Lair:1)
  A black mamba (Lair:1)
  Joseph (Lair:1)
  2 cane toads
  5 komodo dragons
  A polar bear (Lair:2)
  A troll (D:8)
  Sigmund (D:4)
  A vampire (D:8)
  21 yaks
  A wyvern (Lair:2)
  A steam dragon (D:8)
  A basilisk (D:8)
  A swamp worm (Lair:2)
  Menkaure (D:6)
  An acid dragon (D:8)
  6 water moccasins
  Edmund (D:4)
  3 sky beasts (D:7)
  2 black bears
  2 ogres
  5 wolves (Lair:1)
  2 centaurs
  2 phantoms
  A kobold brigand (D:8)
  6 bullfrogs
  11 scorpions
  3 wights (D:8)
  A howler monkey (D:6)
  4 centaur zombies (Ossuary)
  3 lava snakes (D:7)
  3 human zombies (Ossuary)
  2 orc priests
  A hound (D:5)
  A gnoll bouda (D:8)
  A sleepcap (D:5)
  5 orc wizards
  Natasha (thrice) (D:2)
  7 iguanas
  7 scorpion zombies (Ossuary)
  3 mummies (Ossuary)
  Robin (D:4)
  13 gnolls
  8 adders
  2 white imps
  4 ufetubi (D:6)
  A worm (D:2)
  A dart slug (D:2)
  20 orcs
  3 endoplasms
  2 giant cockroaches
  A gnoll zombie (Ossuary)
  9 hobgoblins
  6 jackals
  3 quokkas
  12 ball pythons
  4 bats
  6 frilled lizards
  15 goblins
  A goblin zombie (Ossuary)
  A hobgoblin zombie (Ossuary)
  9 kobolds
  A kobold zombie (Ossuary)
  An orc zombie (Ossuary)
  5 rats (D:1)
255 creatures vanquished.

Vanquished Creatures (collateral kills)
  A komodo dragon (Lair:2)
  A water moccasin (Lair:2)
  A wolf (Lair:1)
  An orc priest (D:8)
  An orc wizard (D:8)
5 creatures vanquished.

Vanquished Creatures (others)
  An ancestor (Lair:2)
1 creature vanquished.

Grand Total: 261 creatures vanquished

Notes
Turn   | Place    | Note
-------+----------+-------------------------------------------
     0 | D:1      | Getoffmy the Demonspawn Shapeshifter began the quest for
                  | the Orb.
     0 | D:1      | Reached XP level 1. HP: 15/15 MP: 1/1
    98 | D:1      | Reached skill level 3 in Unarmed Combat
   181 | D:1      | Gained mutation: You have large cloven feet. [demonic
                  | ancestry]
   181 | D:1      | Reached XP level 2. HP: 18/21 MP: 2/2
   252 | D:1      | Found Cecioxku's Magic Scroll Shoppe.
   261 | D:1      | Bought a scroll of identify for 26 gold pieces
   493 | D:2      | Gained mutation: Your demonic aura sometimes causes spilled
                  | blood to erupt in flames. [demonic ancestry]
   493 | D:2      | Reached XP level 3. HP: 19/27 MP: 3/3
  1279 | D:2      | Gained mutation: You have a somewhat thin skeletal
                  | structure. (Dex +2, Stealth+) [demonic ancestry]
  1279 | D:2      | Reached XP level 4. HP: 23/33 MP: 4/4
  1330 | D:2      | Identified the +7 ring mail of Compassion {rPois}
  1341 | D:2      | Noticed Natasha
  1356 | D:2      | Killed Natasha
  1497 | D:2      | Reached skill level 4 in Unarmed Combat
  1758 | D:2      | Noticed Natasha
  1769 | D:2      | Killed Natasha
  2672 | D:2      | Noticed Natasha
  2680 | D:2      | Killed Natasha
  2681 | D:2      | Gained mutation: You have hoof-like feet. [demonic
                  | ancestry]
  2681 | D:2      | Reached XP level 5. HP: 29/39 MP: 5/5
  3003 | D:3      | Identified the ring of the Komtur {rF+ MP+9 Slay-6 Stlth+}
  3489 | D:4      | Noticed Robin
  3859 | D:4      | Noticed Sigmund
  3869 | D:4      | Killed Sigmund
  3870 | D:4      | Reached skill level 5 in Unarmed Combat
  3870 | D:4      | Gained mutation: You have a moderately thin skeletal
                  | structure. (Dex +4, Stealth++) [demonic ancestry]
  3870 | D:4      | Reached XP level 6. HP: 34/47 MP: 6/6
  3977 | D:4      | Found a snail-covered altar of Cheibriados.
  3977 | D:4      | Found a burning altar of Makhleb.
  4006 | D:4      | Found a radiant altar of Vehumet.
  4046 | D:4      | Noticed Edmund
  4060 | D:4      | Killed Edmund
  4061 | D:4      | Gained mutation: You have an unnaturally thin skeletal
                  | structure. (Dex +6, Stealth+++) [demonic ancestry]
  4061 | D:4      | Reached XP level 7. HP: 44/53 MP: 7/7
  4121 | D:4      | Found Ewoizi's Vocational Training.
  4380 | D:4      | Killed Robin
  4545 | D:5      | Entered Level 5 of the Dungeon
  4587 | D:5      | Reached skill level 6 in Unarmed Combat
  4613 | D:5      | Found a sand-covered staircase.
  4619 | Ossuary  | Entered an ossuary
  4798 | Ossuary  | Gained mutation: A weak demonic guardian rushes to your
                  | aid. [demonic ancestry]
  4798 | Ossuary  | Reached XP level 8. HP: 59/61 MP: 8/8
  4864 | Ossuary  | Reached skill level 5 in Fighting
  4864 | Ossuary  | Reached skill level 7 in Unarmed Combat
  4874 | Ossuary  | Reached skill level 5 in Shapeshifting
  5518 | D:5      | Reached skill level 8 in Unarmed Combat
  5637 | D:5      | You fall into a shaft and drop 2 floors!
  5688 | D:7      | Gained mutation: Your hexes are more powerful. [demonic
                  | ancestry]
  5688 | D:7      | Reached XP level 9. HP: 62/69 MP: 9/9
  5802 | D:6      | Found Farua's Weapon Emporium.
  5981 | D:6      | Noticed Menkaure
  5992 | D:6      | Killed Menkaure
  6225 | D:5      | Found Biridd's Weapon Shoppe.
  6230 | D:5      | Found Boket's Antique Armour Shoppe.
  6234 | D:5      | Found Yczasuwk's Distillery.
  7825 | D:7      | Found a staircase to the Ecumenical Temple.
  7835 | Temple   | Entered the Ecumenical Temple
  7861 | Temple   | Became a worshipper of Hepliaklqana the Forgotten
  7997 | D:7      | Reached skill level 9 in Unarmed Combat
  8922 | D:8      | Reached * piety under Hepliaklqana
  8947 | D:8      | Reached XP level 10. HP: 71/71 MP: 10/10
  9003 | D:8      | Reached skill level 10 in Unarmed Combat
  9567 | D:8      | Found a shimmering blue altar of Sif Muna.
 10380 | D:8      | Found a staircase to the Lair.
 10445 | Lair:1   | Entered Level 1 of the Lair of Beasts
 10479 | Lair:1   | Noticed Fannar
 10479 | Lair:1   | Noticed Joseph
 10482 | Lair:1   | Noticed a cane toad
 10488 | Lair:1   | Killed Fannar
 10489 | Lair:1   | Reached skill level 11 in Unarmed Combat
 10498 | Lair:1   | Killed Joseph
 10499 | Lair:1   | Killed a cane toad
 10664 | Lair:1   | Noticed a black mamba
 10670 | Lair:1   | Killed a black mamba
 10676 | Lair:1   | Reached XP level 11. HP: 52/78 MP: 11/11
 10757 | Lair:1   | Upgraded the game from 0.31-a0-968-g24f9ace8b5 to
                  | 0.31-a0-971-g75a2e9a4b4
 11033 | Lair:1   | Reached ** piety under Hepliaklqana
 11297 | Lair:2   | Reached skill level 12 in Unarmed Combat
 11551 | Lair:2   | Noticed an eight-headed hydra
 11864 | Lair:2   | Found a staircase to the Swamp.
 11865 | Lair:2   | Noticed a four-headed hydra
 11865 | Lair:2   | Noticed a seven-headed hydra
 11867 | Lair:2   | Slain by a seven-headed hydra

Illustrated notes

Levels and vault maps discovered:
D:1:      mushboom_english_gardens, layout_rooms, serial_shops, shop_fountains
D:2:      layout_basic, uniq_natasha
D:3:      layout_basic, minivault_14
D:4:      layout_gridville, nicolae_overflow_hidden_temple,
          nicolae_shop_vocational, uniq_robin, uniq_edmund, uniq_sigmund
D:5:      layout_rooms, nicolae_ossuary_entry_plus,
          nicolae_shop_distant_corner_stores, dk_noncrumbling_4,
          minmay_strange_pillars, serial_bayou_crossing
D:6:      layout_basic, serial_shops, nicolae_shop_bloodbath_and_beyond,
          eino_tiny_chamber, uniq_menkaure
D:7:      layout_loops_ring, minmay_temple_entry_fiery,
          kennysheep_big_empty_room
D:8:      layout_basic, nicolae_sif_muna_condensation, david_lair_shrubbed,
          nzn_life_drinkers
Temple:   bh_familiar_temple
Lair:1:   layout_loops_ring, st_stairs_12, uniq_fannar, uniq_joseph
Lair:2:   layout_big_grid, palyth_hydra_swamp_entry

Skill      XL: |  1  2  3  4  5  6  7  8  9 10 11 |
---------------+----------------------------------+-----
Unarmed Combat | 3 4 5 6 8 9 11 12 | 12.3
Shapeshifting  | 3 4 5 6 7 8 |  8.9
Fighting       | 2 3 4 5 7 8 9 |  9.6
Dodging        | |  1.7

Action                     |  1- 3 |  4- 6 |  7- 9 | 10-12 || total
---------------------------+-------+-------+-------+-------++-------
  Melee: Unarmed           |   123 |   114 |   291 |   207 ||   735
         Kick              |    15 |    30 |   115 |    79 ||   239
         Punch             |     1 |       |    18 |    13 ||    32
  Throw: Dart              |       |     6 |       |       ||     6
 Invoke: Recall Ancestor   |       |       |       |     1 ||     1
         Ancestor Identity |       |       |       |     1 ||     1
Ability: Begin Untransform |       |       |       |     1 ||     1
    Use: Potion            |     1 |       |     1 |     1 ||     3
         Scroll            |       |     3 |    15 |       ||    18
   Stab: Sleeping          |     1 |     5 |    19 |    10 ||    35
         Distracted        |       |       |     2 |       ||     2
         Invisible         |       |       |       |     1 ||     1
 Armour: Animal skin       |    42 |    38 |   118 |    29 ||   227
         Skin              |     8 |       |       |       ||     8
         Troll leather arm |       |       |       |    53 ||    53
  Dodge: Dodged            |    84 |    99 |   209 |   112 ||   504
  Block: Other             |       |       |    12 |    41 ||    53
         Reflection        |       |       |       |     2 ||     2
   Form: Beast             |       |       |       |     1 ||     1

Table legend: (Time is in decaauts)
 A = Elapsed time spent in this place.
 B = Non-inter-level travel time spent in this place.
 C = Inter-level travel time spent in this place.
 D = Time resting spent in this place.
 E = Time spent auto-exploring this place.
 F = Levels seen in this place.
 G = Mean time per level.
                   A        B        C        D        E       F      G
               +--------+--------+--------+--------+--------+-----+--------+
         Total |  11777 |  10661 |   1116 |   2994 |   5823 |  12 |  981.4 |
       Dungeon |   9485 |   8469 |   1016 |   2419 |   4816 |   8 | 1185.6 |
        Temple |     51 |      2 |     49 |      0 |      0 |   1 |   51.0 |
          Lair |   1394 |   1343 |     51 |    296 |    710 |   2 |  697.0 |
       Ossuary |    845 |    845 |      0 |    279 |    297 |   1 |  845.0 |
               +--------+--------+--------+--------+--------+-----+--------+

Top non-repeatable levels by time:
     D:2: 2233 daAuts
     D:8: 1725 daAuts
     D:6: 1076 daAuts
     D:7: 1055 daAuts
     D:5: 1024 daAuts
     D:4: 1002 daAuts
     D:3: 895 daAuts
 Ossuary: 845 daAuts
  Lair:1: 810 daAuts
  Lair:2: 583 daAuts
     D:1: 472 daAuts
  Temple: 51 daAuts
